 Dungeon Crawl Stone Soup version 0.25-a0-178-gc9f82b1288 (webtiles) character file.

Game seed: 4003584718169611087, levelgen mode: deterministic

434 vurker the Grave Robber (level 6, -4/46 HPs)
             Began as a Demonspawn Necromancer on Nov 26, 2019.
             Slain by Sigmund
             ... wielding a +0 scythe
              (11 damage)
             ... on level 4 of the Dungeon.
             The game lasted 00:08:19 (5041 turns).

vurker the Grave Robber (Demonspawn Necromancer)    Turns: 5041, Time: 00:08:20

Health: -4/46      AC:  5    Str:  8    XL:     6   Next: 68%
Magic:  1/12       EV: 12    Int: 18    God:
Gold:   141        SH:  0    Dex: 14    Spells: 6/13 levels left

rFire    + . .     SeeInvis .   i - +3 dagger (venom)
rCold    . . .     Gourm    .   (no shield)
rNeg     . . .     Faith    .   a - +1 robe
rPois    .         Spirit   .   k - +0 helmet
rElec    .         Reflect  .   o - +0 cloak
rCorr    .         Harm     .   (no gloves)
MR       .....                  (no boots)
Stlth    +++.......             (no amulet)
HPRegen  1.15/turn              j - ring of stealth
MPRegen  0.13/turn              (no ring)

@: regenerating (expiring)
A: hooves 1, demonic guardian 1, fire resistance 1
a: no special abilities


You were on level 4 of the Dungeon.
You were very hungry.

You visited 1 branch of the dungeon, and saw 4 of its levels.

You collected 141 gold pieces.

Inventory:

Hand Weapons
 i - a +3 dagger of venom (weapon)
   (You took it off a kobold on level 1 of the Dungeon)
Armour
 a - a +1 robe (worn)
 k - a +0 helmet (worn)
   (You found it on level 1 of the Dungeon)
 o - a +0 cloak (worn)
   (You found it on level 2 of the Dungeon)
Jewellery
 j - a ring of stealth (left hand)
   (You found it on level 1 of the Dungeon)
Scrolls
 b - 2 scrolls of teleportation
 g - a scroll of identify
 h - 3 scrolls of remove curse
 p - 2 scrolls of enchant armour
 q - a scroll of fog
 r - 2 scrolls of immolation
Potions
 c - a potion of haste
 d - 3 potions of agility
 f - 2 potions of curing
 l - a potion of flight {unknown}
 m - a potion of mutation {unknown}
 n - a potion of resistance {unknown}
Comestibles
 e - 9 rations


   Skills:
 + Level 2.8 Fighting
 - Level 1.7 Dodging
 - Level 1.7 Stealth
 * Level 4.4 Spellcasting
 * Level 6.6 Necromancy


You had 6 spell levels left.
You knew the following spells:

 Your Spells              Type           Power        Failure   Level  Hunger
a - Pain                  Necr           ####         1%          1    None
b - Vampiric Draining     Necr           ####......   2%          3    ###....
q - Regeneration          Chrm/Necr      ###.......   11%         3    ###....

Your spell library contained the following spells:

 Spells                   Type           Power        Failure   Level  Hunger
 Animate Skeleton         Necr           N/A          1%          1    None
 Animate Dead             Necr           N/A          10%         4    ####...


Dungeon Overview and Level Annotations

Branches:
Dungeon (4/15)
 Temple: D:4-7

Altars:

Annotations:
D:4 Sigmund


Innate Abilities, Weirdness & Mutations

You have large cloven feet.
A weak demonic guardian rushes to your aid.
Your flesh is heat resistant. (rF+)


Message History

You barely miss something.
Unknown command.
You barely miss something. You kick something. You closely miss something.
You kick something.
You hear some strange, mumbled words.
Something tries to affect you, but you resist.
You closely miss something.
You hear some strange, mumbled words.
A puff of flame appears from out of thin air!
The puff of flame hits you. You resist.
You miss something.
You hear some strange, mumbled words.
A magic dart appears from out of thin air!
The magic dart hits you!
You hit something. Something hits you.
* * * LOW HITPOINT WARNING * * *
Your skin crawls.
Something hits you!
* * * LOW HITPOINT WARNING * * *
You can't see any susceptible monsters within range! (Use Z to cast anyway.) Unknown command.
You feel life coursing into your body.
You are feeling very hungry.
You feel life coursing into your body.
You hear some strange, mumbled words.
A magic dart appears from out of thin air!
The magic dart hits you.
* * * LOW HITPOINT WARNING * * *
You don't know that spell.
Unknown command.
You feel life coursing into your body.
You hear some strange, mumbled words.
A puff of flame appears from out of thin air!
The puff of flame misses you.
You don't have enough magic to cast that spell.
You miss something.
You hear some strange, mumbled words.
A magic dart appears from out of thin air!
The magic dart hits you!
* * * LOW HITPOINT WARNING * * *
You hit something but do no damage.
You hear some strange, mumbled words.
A puff of flame appears from out of thin air!
The puff of flame hits you. You resist.
* * * LOW HITPOINT WARNING * * *
You hit something.
Your skin is crawling a little less now.
Something hits you!
You die...

#.# ......#.#.# #.## #.#
....#.# #.##.#.###...#.#
#.##.#.#.....#.#
#.##.#......##.#
#.#......#..##'###
#.#...[#.........#
#{#..#.#.........#
#@#.##.#.........#
#.>....#....##.###
#########.####....##....
#.....(..<((((....######
#.#######[#####...# #.#
#.# #...# #.# #.# #...#
#.# #.#####...###### #.#
#...............


There were no monsters in sight!

Vanquished Creatures
  Duvessa (D:4)
  A centaur (D:4)
  Dowan (D:4)
  A hound (D:4)
  Terence (D:3)
  A hound skeleton (D:4)
  Robin (D:3)
  6 adders
  A worm (D:2)
  3 dart slugs
  4 leopard geckos
  2 orcs
  9 bats
  5 giant cockroaches
  15 goblins
  8 hobgoblins
  7 jackals
  13 kobolds
  A quokka (D:3)
  10 rats
91 creatures vanquished.

Notes
Turn   | Place    | Note
-------+----------+-------------------------------------------
     0 | D:1      | vurker the Demonspawn Necromancer began the quest for the
                  | Orb.
     0 | D:1      | Reached XP level 1. HP: 13/13 MP: 3/3
     2 | D:1      | Learned a level 1 spell: Animate Skeleton
   523 | D:1      | Gained mutation: You have large cloven feet. [demonic
                  | ancestry]
   523 | D:1      | Reached XP level 2. HP: 19/20 MP: 1/5
  1464 | D:1      | Gained mutation: Your flesh is heat resistant. (rF+)
                  | [demonic ancestry]
  1464 | D:1      | Reached XP level 3. HP: 23/25 MP: 3/6
  1741 | D:2      | Reached skill level 1 in Fighting
  1822 | D:2      | Reached skill level 5 in Necromancy
  2063 | D:2      | Learned a level 3 spell: Regeneration
  2067 | D:2      | Learned a level 3 spell: Vampiric Draining
  2236 | D:2      | Gained mutation: A weak demonic guardian rushes to your
                  | aid. [demonic ancestry]
  2236 | D:2      | Reached XP level 4. HP: 31/32 MP: 0/8
  3088 | D:3      | Noticed Terence
  3098 | D:3      | Killed Terence
  3166 | D:3      | Reached XP level 5. HP: 29/38 MP: 3/10
  3404 | D:3      | Noticed Robin
  3649 | D:3      | Killed Robin
  4077 | D:4      | Noticed Duvessa
  4077 | D:4      | Noticed Dowan
  4102 | D:4      | Killed Duvessa
  4102 | D:4      | Reached skill level 6 in Necromancy
  4102 | D:4      | Reached XP level 6. HP: 26/45 MP: 2/11
  4395 | D:4      | Killed Dowan
  4942 | D:4      | Noticed Sigmund
  5041 | D:4      | Slain by Sigmund

Levels and vault maps discovered:
D:1:      dpeg_arrival_solitude, layout_loops_ring
D:2:      layout_rooms, first_ration, minmay_misc_feat_iff
D:3:      layout_rooms, minmay_box_of_dots, uniq_terence, uniq_robin
D:4:      layout_basic, serial_shops, shop, shop, shop, uniq_duvessa,
          uniq_sigmund

Skill      XL: |  1  2  3  4  5  6 |
---------------+-------------------+-----
Fighting       | 1 2 |  2.8
Necromancy     | 5 6 |  6.6
Spellcasting   | 3 4 |  4.4
Dodging        | |  1.7
Stealth        | |  1.7

Action                   |  1- 3 |  4- 6 || total
-------------------------+-------+-------++-------
Melee: Dagger            |    19 |    65 ||    84
       Kick              |     4 |    13 ||    17
 Cast: Pain              |    66 |    75 ||   141
       Vampiric Draining |     1 |     9 ||    10
       Regeneration      |       |     2 ||     2
  Use: Scroll            |     8 |     4 ||    12
 Stab: Sleeping          |       |     1 ||     1
  Eat: Chunk             |     4 |     6 ||    10
       Ration            |       |     1 ||     1
Armor: Robe              |    13 |    34 ||    47
Dodge: Dodged            |    30 |    73 ||   103

Table legend:
 A = Non-vault XP
 B = Vault XP
 C = Vault XP percentage of total XP
 D = Non-vault monster count
 E = Vault monster count
 F = Vault count percentage of total count
                 A         B        C        D         E       F
            +---------+---------+-------+---------+---------+-------
      Total |     362 |     259 |  41.7 |      72 |      19 |  20.9
            +---------+---------+-------+---------+---------+-------
        D:1 |      42 |       0 |   0.0 |      22 |       0 |   0.0
        D:2 |      89 |      14 |  13.6 |      22 |       8 |  26.7
        D:3 |      65 |      63 |  49.2 |      24 |       9 |  27.3
        D:4 |     166 |     182 |  52.3 |       4 |       2 |  33.3
            +---------+---------+-------+---------+---------+-------
